 Seeded DCSS version 0.29-a0-824-gd827844252 (webtiles) character file.

Game seed: 1852013867798689232 (custom seed)

3214 flotson the Trooper (level 9, -2/70 HPs)
             Began as a Demonspawn Delver on July 9, 2022.
             Was an Initiate of Gozag.
             Slain by a sixfirhy (9 damage)
             ... summoned by a kobold demonologist
             ... on level 9 of the Dungeon.
             The game lasted 00:14:09 (9364 turns).

flotson the Trooper (Demonspawn Delver)             Turns: 9364, Time: 00:14:09

Health: -2/70      AC: 10    Str: 16    XL:     9   Next: 65%
Magic:  9/9        EV: 12    Int: 13    God:    Gozag
Gold:   693        SH:  9    Dex: 14    Spells: 8/8 levels left

rFire   + . .      SeeInvis .   a - +4 short sword (elec)
rCold   . . .      Faith    .   A - +0 kite shield
rNeg    . . .      Spirit   .   t - +2 leather armour {rF+}
rPois   +          Reflect  .   (helmet restricted)
rElec   .          Harm     .   H - +1 cloak
rCorr   .          Rampage  .   (no gloves)
Will    .....                   (no boots)
Stlth   +++.......              (no amulet)
HPRegen 0.21/turn               f - ring of poison resistance
MPRegen 0.11/turn               (no ring)

@: no status effects
A: antennae 1, yellow scales 2, ignite blood 2
a: Renounce Religion, Potion Petition, Call Merchant, Bribe Branch


You were on level 9 of the Dungeon.
You worshipped Gozag.
Gozag was pleased with you.
You visited 2 branches of the dungeon, and saw 11 of its levels.

You collected 787 gold pieces.
You paid 94 gold pieces to Gozag.

Inventory:

Hand Weapons
 a - a +4 short sword of electrocution (weapon)
 b - a +0 sling
Missiles
 i - 2 throwing nets
 B - 51 stones (quivered)
 D - 2 boomerangs
 I - 2 curare-tipped darts
Armour
 t - a +2 leather armour of fire resistance (worn)
 A - a +0 kite shield (worn)
 H - a +1 cloak (worn)
Jewellery
 f - a ring of poison resistance (left hand)
Wands
 g - a wand of digging (3)
 j - a wand of roots (9)
 s - a wand of mindburst (1)
 C - a wand of flame (29)
Scrolls
 c - 3 scrolls of fog
 d - 2 scrolls of blinking {unknown}
 e - 3 scrolls of fear
 n - a scroll of amnesia {unknown}
 o - a scroll of immolation {unknown}
 p - 9 scrolls of identify
 r - a scroll of silence {unknown}
 u - 2 scrolls of teleportation {unknown}
 y - a scroll of magic mapping
 z - 3 scrolls of noise
 E - 2 scrolls of poison
 F - a scroll of enchant armour {unknown}
Potions
 h - 3 potions of heal wounds {unknown}
 k - 3 potions of haste
 l - 2 potions of might {unknown}
 m - 2 potions of mutation {unknown}
 q - 2 potions of invisibility {unknown}
 v - 2 potions of flight {unknown}
 w - 3 potions of attraction {unknown}
 x - a potion of curing {unknown}
 G - 2 potions of brilliance {unknown}


   Skills:
 + Level 6.3 Fighting
 + Level 3.4(4.3) Axes
 - Level 3.9(4.6) Polearms
 + Level 3.4 Throwing
 + Level 3.4 Armour
 + Level 5.3 Dodging
 - Level 5.9 Stealth
 + Level 4.5 Shields
 + Level 3.8 Evocations


You had 8 spell levels left.
You didn't know any spells.
Your spell library contained the following spells:

 Spells                   Type           Power      Damage    Failure   Level
 Magic Dart               Conj           0%         1d3       73%         1
 Sting                    Tmut/Pois      0%         1d3       73%         1
 Call Imp                 Summ           0%         N/A       86%         2
 Mephitic Cloud           Conj/Pois/Air  0%         N/A       97%         3
 Cause Fear               Hex            0%         N/A       100%        4
 Olgreb's Toxic Radiance  Pois           0%         N/A       100%        4
 Passage of Golubria      Tloc           0%         N/A       100%        4
 Silence                  Hex/Air        0%         N/A       100%        5
 Starburst                Conj/Fire      0%         6d3       100%        6
 Dragon Form              Tmut           0%         N/A       100%        7
 Lehudib's Crystal Spear  Conj/Erth      0%         10d2      100%        8
 Dragon's Call            Summ           0%         N/A       100%        9
 Corpse Rot               Necr/Pois/Air  Unusable   N/A       N/A         4

Dungeon Overview and Level Annotations

Branches:
Dungeon (10/15)            Temple (1/1) D:5
   Lair: D:8-11         Orc: D:9-12

Altars:
Ashenzari
Fedhas
Gozag
Hepliaklqana
Nemelex Xobeh
Qazlal
Sif Muna
Uskayaw
Wu Jian
Xom
Yredelemnul

Shops:
D:4 [   D:6 *   D:8 (


Innate Abilities, Weirdness & Mutations

You have a pair of small antennae on your head.
You are mostly covered in yellow scales. (AC +3)
Your demonic aura often causes spilled blood to erupt in flames.


Message History

You hear a shout!
You climb downwards.
Found a scimitar.
Found a shimmering blue altar of Sif Muna.
Found a stone staircase leading up.
There is a stone staircase leading up here.
You hit the howler monkey.
The howler monkey is moderately wounded.
The howler monkey closely misses you.
You puncture the howler monkey!
The howler monkey is severely wounded.
You block the howler monkey's attack. x2
You barely miss the howler monkey.
The howler monkey is severely wounded.
The howler monkey closely misses you.
You hit the howler monkey.
Lightning courses through the howler monkey!
You kill the howler monkey!
You now have 693 gold pieces (gained 5).
A yak comes into view.
A yak comes into view.
The yak bellows!
A yak comes into view.
There is a stone staircase leading up here.
The yak is distracted by your dazzling golden aura.
You climb upwards.
There is a stone staircase leading down here.
As you read the scroll labelled DANOLE BEZUNYU, it crumbles to dust.
It is a scroll of identify.
z - 3 scrolls of noise The air fills with toxic fumes!
As you read the scroll labelled WODE SEMNO XEA, it crumbles to dust.
It was a scroll of poison.
The sixfirhy hits you. The sixfirhy shocks you!
* * * LOW HITPOINT WARNING * * *
The sixfirhy hits you but does no damage.
The sixfirhy closely misses you. The sixfirhy hits you!
* * * LOW HITPOINT WARNING * * *
The sixfirhy shocks you!
You die...
Your body crumbles into a pile of gold.

#..######## #..##......
### #..##...... §§§
#..##....## ## §§§
#..##....## §
§§###§##########....##
§§§ §§§§§§§§§.>.h#....##
§§§§§#§§§§##..##.#....##
§§§§§§§@3§##.. #.#....##
§§§§§§§§§§§§§§##.#######
#############§##.# .....
#. #g+ ..... #. #.#
..... #. #.# ..... #.#
## #.##+###. #........


You could see a sixfirhy (summoned).

Vanquished Creatures
  A deep elf pyromancer (D:8)
  2 hornets (D:8)
  A steam dragon (D:7)
  A warg (D:9)
  2 water moccasins
  Duvessa (D:4)
  An orc warrior (D:6)
  A black bear (D:8)
  A sky beast (D:6)
  A phantom (D:5)
  A gnoll sergeant (D:6)
  3 scorpions
  3 bullfrogs
  2 wights (D:8)
  Dowan (D:4)
  3 howler monkeys
  4 hounds
  4 jellies
  Crazy Yiuf (D:5)
  Ijyb (D:3)
  6 iguanas
  An orc wizard (D:7)
  Natasha (thrice) (D:4)
  Robin (D:4)
  2 gnolls (D:6)
  8 adders
  A shadow imp (D:8)
  A white imp (D:6)
  An ufetubus (D:4)
  3 worms
  3 dart slugs
  5 orcs
  4 endoplasms
  3 giant cockroaches
  17 goblins
  9 hobgoblins
  3 jackals (D:4)
  A kobold (D:3)
  4 quokkas
  5 ball pythons
  8 bats
  6 frilled lizards
  3 rats
133 creatures vanquished.

Vanquished Creatures (others)
  6 plants (D:8)
6 creatures vanquished.

Grand Total: 139 creatures vanquished

Notes
Turn   | Place    | Note
-------+----------+-------------------------------------------
     0 | D:5      | flotson the Demonspawn Delver began the quest for the Orb.
     0 | D:5      | Reached XP level 1. HP: 18/18 MP: 1/1
    12 | D:4      | Noticed Natasha
    64 | D:5      | Noticed a jelly
    67 | D:5      | Noticed a scorpion
    72 | D:4      | Noticed a scorpion
    89 | D:4      | Killed a scorpion
    90 | D:4      | Gained mutation: Your demonic aura sometimes causes spilled
                  | blood to erupt in flames. [demonic ancestry]
    90 | D:4      | Reached XP level 2. HP: 16/24 MP: 2/2
    90 | D:4      | Gained mutation: You are partially covered in yellow
                  | scales. (AC +2) [demonic ancestry]
    90 | D:4      | Reached XP level 3. HP: 19/29 MP: 3/3
   435 | D:3      | Got the Parchment of the Searing Stinger
   646 | D:2      | Reached XP level 4. HP: 35/35 MP: 4/4
   790 | D:2      | Reached skill level 5 in Stealth
  1452 | D:1      | Found a faded altar of an unknown god.
  1739 | D:2      | Found a basalt altar of Yredelemnul.
  1958 | D:2      | Gained mutation: You are mostly covered in yellow scales.
                  | (AC +3) [demonic ancestry]
  1958 | D:2      | Reached XP level 5. HP: 25/42 MP: 5/5
  2664 | D:3      | Noticed Ijyb
  2673 | D:3      | Killed Ijyb
  2674 | D:3      | Reached skill level 1 in Shields
  3554 | D:4      | Killed Natasha
  3555 | D:4      | Reached skill level 4 in Fighting
  3845 | D:4      | Noticed Robin
  3848 | D:4      | Reached XP level 6. HP: 43/48 MP: 6/6
  3866 | D:4      | Killed Robin
  4098 | D:4      | Noticed Duvessa
  4098 | D:4      | Noticed Dowan
  4106 | D:4      | Killed Dowan
  4326 | D:4      | Noticed Natasha
  4343 | D:4      | Killed Natasha
  4613 | D:4      | Noticed Natasha
  4620 | D:4      | Killed Natasha
  5105 | D:4      | Found Qann's Armour Shop.
  5264 | D:4      | Killed Duvessa
  5265 | D:4      | Reached XP level 7. HP: 10/55 MP: 7/7
  5803 | D:5      | Found a sparkling altar of Nemelex Xobeh.
  5894 | D:5      | Found a staircase to the Ecumenical Temple.
  5903 | Temple   | Entered the Ecumenical Temple
  5908 | Temple   | Became a worshipper of Gozag Ym Sagoz the Greedy
  6195 | D:5      | Found a runed translucent door.
  6196 | D:5      | Noticed Crazy Yiuf
  6201 | D:5      | Killed Crazy Yiuf
  6202 | D:5      | Reached skill level 5 in Fighting
  6306 | D:6      | Reached skill level 1 in Axes
  6306 | D:6      | Reached skill level 1 in Evocations
  6306 | D:6      | Gained mutation: Your demonic aura often causes spilled
                  | blood to erupt in flames. [demonic ancestry]
  6306 | D:6      | Reached XP level 8. HP: 62/62 MP: 8/8
  6325 | D:6      | Reached skill level 1 in Throwing
  6325 | D:6      | Reached skill level 1 in Armour
  6378 | D:6      | Found Zin's Purification Station.
  7119 | D:6      | Found a sparkling altar of Nemelex Xobeh.
  7121 | D:6      | Found a hide-covered altar of Uskayaw.
  7121 | D:6      | Found a shimmering altar of Xom.
  7121 | D:6      | Found a basalt altar of Yredelemnul.
  7915 | D:7      | Identified the +1 ring mail of Lejydep {rCorr Slay+3}
  8195 | D:8      | Found Ygycvocs's Weapon Emporium.
  8245 | D:8      | Noticed a hornet
  8268 | D:8      | Killed a hornet
  8663 | D:8      | Found an ornate altar of the Wu Jian Council.
  8667 | D:8      | Noticed a hornet
  8678 | D:8      | Killed a hornet
  8679 | D:8      | Gained mutation: You have a pair of small antennae on your
                  | head. [demonic ancestry]
  8679 | D:8      | Reached XP level 9. HP: 46/69 MP: 9/9
  8875 | D:8      | Noticed a deep elf pyromancer
  8887 | D:8      | Killed a deep elf pyromancer
  8888 | D:8      | Reached skill level 6 in Fighting
  8888 | D:8      | Reached skill level 5 in Dodging
  9346 | D:9      | Noticed a kobold demonologist
  9348 | D:9      | Noticed a sixfirhy
  9350 | D:10     | Entered Level 10 of the Dungeon
  9350 | D:10     | Found a shimmering blue altar of Sif Muna.
  9364 | D:9      | Slain by a sixfirhy

Illustrated notes

Levels and vault maps discovered:
D:1:      minmay_arrival_stone_box, layout_loops_ring,
          shapermc_ecumenical_altar_mp_vishouse
D:2:      layout_basic, basic_altar
D:3:      layout_basic, uniq_ijyb
D:4:      layout_basic, serial_shops, nicolae_square_shop, uniq_robin,
          uniq_natasha, uniq_duvessa
D:5:      layout_cave_pools, mainiacjoe_overflow_tiny_flanked,
          minmay_temple_entry_sparse_star, nicolae_elevator_lobby_asterisk,
          uniq_crazy_yiuf_cottage
D:6:      layout_loops_corners, doesnt_xom_only_xom, zin_purify
D:7:      layout_basic
D:8:      kennysheep_spiral_hall, layout_rooms,
          mainiacjoe_overflow_cross_hatched, serial_shops, kennysheep_little_box
D:9:      lemuel_castle_with_subvaults [lemuel_castle_interior_original],
          layout_stronghold
D:10:     kennysheep_six_static_rooms, layout_rooms, okawaru_trees_1,
          nicolae_sif_muna_condensation, orc_david_3,
          nicolae_transporter_intersection, uniq_nergalle
Temple:   nicolae_temple_bog_church

Skill      XL: |  1  2  3  4  5  6  7  8  9 |
---------------+----------------------------+-----
Polearms       | 2 3 |  3.9
Dodging        | 2 3 4 5 |  5.3
Stealth        | 5 |  5.9
Shields        | 1 2 3 4 |  4.5
Fighting       | 4 5 6 |  6.3
Axes           | 1 2 3 |  3.4
Evocations     | 1 2 3 |  3.8
Throwing       | 2 3 |  3.4
Armour         | 2 3 |  3.4

Action                   |  1- 3 |  4- 6 |  7- 9 || total
-------------------------+-------+-------+-------++-------
Melee: Spear             |    38 |   272 |       ||   310
       Short sword       |       |    40 |   189 ||   229
 Fire: Sling             |       |    14 |     3 ||    17
Evoke: Wand              |       |     5 |     5 ||    10
  Use: Scroll            |     1 |       |     2 ||     3
       Potion            |     1 |       |       ||     1
 Stab: Sleeping          |     1 |    21 |    11 ||    33
       Distracted        |       |     2 |       ||     2
Armor: Leather armour    |     8 |    78 |    70 ||   156
Dodge: Dodged            |    20 |   106 |   101 ||   227
Block: Buckler           |       |    40 |    10 ||    50
       Kite shield       |       |       |    68 ||    68

Table legend: (Time is in decaauts)
 A = Elapsed time spent in this place.
 B = Non-inter-level travel time spent in this place.
 C = Inter-level travel time spent in this place.
 D = Time resting spent in this place.
 E = Time spent auto-exploring this place.
 F = Levels seen in this place.
 G = Mean time per level.
                   A        B        C        D        E       F      G
               +--------+--------+--------+--------+--------+-----+--------+
         Total |   9409 |   8936 |    473 |    292 |   7061 |  11 |  855.4 |
       Dungeon |   9398 |   8930 |    468 |    292 |   7061 |  10 |  939.8 |
        Temple |     10 |      5 |      5 |      0 |      0 |   1 |   10.0 |
               +--------+--------+--------+--------+--------+-----+--------+

Top non-repeatable levels by time:
     D:4: 2052 daAuts
     D:3: 1655 daAuts
     D:8: 1080 daAuts
     D:2: 1059 daAuts
     D:6: 1048 daAuts
     D:5: 1020 daAuts
     D:1: 729 daAuts
     D:7: 575 daAuts
     D:9: 165 daAuts
    D:10: 12 daAuts
  Temple: 10 daAuts
